Map: Dusk Towers

Players

aier

  • Race: Zerg Zerg
  • League: Diamond

lllllllll (Probe) - Winner!

  • Race: Protoss Protoss
  • League: Master

VOD

Have the link to the VOD?

Description

Time

  • Played on: Dec. 9, 2015, 4:52 a.m.
  • Length: 10:07
Show
View Real Time Build Order
Export as new Build Order

aier Zerg 

Build Orders: Hatch First, Lurkers 

Get SALT Encoding   

  12  0:01  Drone  
  13  0:10  Drone  
  14  0:15  Extractor  
  14  0:17  Drone  
  14  0:22  Extractor  
  14  0:23  Drone  
  16  0:29  Overlord  
  16  0:47  Drone x2  
  18  0:59  Hatchery  
  18  1:02  Drone  
  18  1:10  Drone  
  19  1:17  Spawning Pool  
  18  1:20  Drone  
  19  1:27  Drone  
  20  1:57  Overlord  
  20  2:00  Hatchery  
  19  2:06  Drone, Queen  
  22  2:12  Zergling x2  
  22  2:14  Drone x2  
  25  2:21  Drone  
  26  2:23  Drone  
  26  2:25  Queen  
  29  2:34  Drone x2  
  31  2:42  Drone  
  32  2:44  Overlord  
  32  2:47  Extractor  
  31  2:53  Drone  
  31  2:54  Drone  
  33  3:03  Drone  
  34  3:06  Drone  
  34  3:15  Zergling x6  
  34  3:17  Queen  
  34  3:19  Drone x2  
  41  3:21  Queen  
  41  3:24  Overlord  
  41  3:25  Drone  
  44  3:28  Drone x2  
  46  3:34  Drone x4  
  50  3:41  Overlord  
  50  3:45  Drone x2  
  52  3:53  Drone x4  
  56  3:56  Drone  
  56  4:01  Metabolic Boost, Roach Warren  
  56  4:04  Extractor  
  56  4:05  Drone  
  56  4:06  Drone  
  56  4:07  Drone x4  
  61  4:21  Overlord  
  61  4:29  Overlord x4  
  61  4:34  Overlord  
  61  4:37  Lair, Extractor  
  60  4:38  Extractor  
  60  4:40  Drone x7  
  66  4:47  Drone x4  
  66  4:48  Drone  
  70  4:55  Spore Crawler  
  70  4:57  Spore Crawler  
  66  5:03  Spore Crawler, Drone  
  66  5:04  Drone x8  
  74  5:09  Extractor  
  74  5:10  Extractor  
  72  5:15  Spore Crawler  
  72  5:18  Spore Crawler x2  
  72  5:19  Overlord  
  72  5:20  Zergling x6  
  73  5:35  Drone x2  
  73  5:36  Drone  
  75  5:43  Hydralisk Den  
  75  5:46  Drone  
  75  5:52  Drone x2  
  75  5:54  Overlord  
  75  5:55  Overlord x2  
  74  6:06  Spire  
  74  6:09  Evolution Chamber  
  74  6:11  Zergling x22  
  81  6:26  Lurker Den  
  81  6:27  Overlord x2  
  81  6:31  Hatchery, Zergling x8  
  84  6:38  Zerg Missile Weapons Level 1  
  82  6:43  Glial Reconstitution  
  82  6:51  Infestation Pit  
  81  6:54  Drone x10  
  81  6:56  Overseer  
  91  7:06  Extractor  
  90  7:09  Extractor  
  84  7:25  Hydralisk x10  
  104  7:32  Drone x9  
  113  7:41  Infestor  
  113  7:42  Infestor  
  117  7:44  Queen  
  117  7:47  Zergling x4  
  121  7:56  Lurker x2  
  121  7:57  Lurker x3  
  121  7:58  Lurker  
  127  8:03  Hydralisk x8  
  143  8:13  Hive  
  143  8:22  Hydralisk x4  
  151  8:33  Hydralisk  
  151  8:38  Overlord  
  151  8:54  Hatchery  
  129  9:03  Lurker x6  
  129  9:09  Overlord x3  
  135  9:17  Overlord x6  
  135  9:22  Evolution Chamber  
  117  9:43  Lurker x7  
  117  9:44  Lurker  
  117  9:45  Zergling x46  
Show
View Real Time Build Order
Export as new Build Order

lllllllll Protoss - Winner!

Build Orders: Nexus First 

Get SALT Encoding   

  12  0:01  Probe (Chrono Boost)  
  13  0:11  Probe (Chrono Boost)  
  14  0:19  Pylon  
  14  0:22  Probe (Chrono Boost)  
  15  0:37  Probe (Chrono Boost)  
  16  0:47  Probe (Chrono Boost)  
  17  1:00  Nexus  
  17  1:04  Probe (Chrono Boost)  
  18  1:14  Gateway  
  18  1:17  Probe (Chrono Boost)  
  19  1:22  Assimilator  
  19  1:28  Assimilator  
  19  1:31  Probe (Chrono Boost)  
  20  1:41  Forge  
  20  1:45  Probe (Chrono Boost)  
  21  1:55  Probe (Chrono Boost)  
  22  2:05  Cybernetics Core  
  22  2:06  Probe (Chrono Boost), Protoss Ground Weapons Level 1 (Chrono Boost)  
  23  2:14  Probe (Chrono Boost)  
  24  2:17  Probe (Chrono Boost)  
  25  2:25  Probe (Chrono Boost)  
  25  2:27  Probe (Chrono Boost)  
  27  2:35  Probe (Chrono Boost)  
  28  2:38  Probe (Chrono Boost), Adept  
  28  2:42  Warp Gate  
  31  2:46  Probe  
  31  2:49  Probe  
  33  2:54  Pylon  
  34  2:59  Probe (Chrono Boost)  
  34  3:01  Mothership Core (Chrono Boost)  
  38  3:05  Sentry  
  39  3:14  Probe (Chrono Boost)  
  39  3:20  Probe (Chrono Boost)  
  39  3:26  Probe (Chrono Boost)  
  41  3:29  Stargate  
  41  3:31  Probe (Chrono Boost)  
  41  3:32  Gateway  
  41  3:33  Gateway  
  42  3:38  Probe (Chrono Boost), Assimilator  
  44  3:41  Probe (Chrono Boost)  
  44  3:42  Assimilator  
  44  3:44  Pylon  
  42  3:50  Probe (Chrono Boost)  
  42  3:54  Probe (Chrono Boost)  
  44  3:57  Protoss Ground Armor Level 1 (Chrono Boost)  
  44  4:01  Probe (Chrono Boost)  
  45  4:04  Probe (Chrono Boost)  
  46  4:10  Probe (Chrono Boost)  
  46  4:14  Phoenix (Chrono Boost)  
  46  4:15  Probe  
  46  4:16  Pylon  
  49  4:22  Probe  
  49  4:27  Probe  
  51  4:34  Phoenix (Chrono Boost)  
  51  4:37  Nexus  
  53  4:39  Pylon  
  53  4:47  Sentry, Pylon  
  53  4:48  Adept x2  
  59  4:55  Pylon, Phoenix  
  59  4:56  Pylon  
  61  5:03  Probe  
  61  5:04  Twilight Council  
  63  5:11  Robotics Facility  
  63  5:16  Phoenix  
  64  5:27  Probe x2, Pylon  
  66  5:31  Protoss Ground Weapons Level 2 (Chrono Boost)  
  66  5:34  Charge (Chrono Boost)  
  66  5:40  Probe x2, Phoenix  
  70  5:52  Probe x2  
  70  5:53  Probe  
  73  6:02  Immortal (Chrono Boost)  
  78  6:04  Probe x2  
  78  6:05  Probe  
  78  6:06  Gateway  
  80  6:12  Gateway  
  80  6:15  Pylon  
  80  6:16  Probe x2  
  80  6:17  Probe  
  80  6:18  Sentry  
  85  6:26  Adept  
  85  6:27  Adept  
  85  6:28  Probe x2  
  91  6:37  Immortal (Chrono Boost)  
  95  6:41  Zealot  
  95  6:46  Gateway x2  
  97  6:47  Gateway  
  97  6:59  Resonating Glaives, Zealot  
  99  7:03  Zealot x3  
  99  7:04  Gateway  
  99  7:06  Gateway  
  99  7:08  Adept  
  107  7:11  Observer (Chrono Boost)  
  107  7:12  Pylon  
  108  7:16  Pylon  
  108  7:27  Adept x2  
  116  7:30  Immortal (Chrono Boost)  
  116  7:32  Templar Archives  
  116  7:33  Nexus  
  116  7:36  Pylon  
  116  7:38  Pylon  
  116  7:48  Zealot x5  
  126  7:57  Zealot x3  
  132  7:59  Photon Cannon  
  132  8:02  Photon Cannon  
  132  8:08  Immortal (Chrono Boost)  
  136  8:19  Phoenix  
  138  8:24  Zealot  
  138  8:25  Zealot x4  
  148  8:30  Pylon  
  148  8:41  Assimilator x2  
  148  8:44  Pylon  
  148  8:46  Observer (Chrono Boost), Pylon  
  147  8:50  Zealot  
  147  8:51  Zealot x3  
  147  8:52  Pylon  
  147  8:54  Pylon  
  153  9:04  High Templar x4  
  153  9:05  Immortal (Chrono Boost)  
  153  9:08  Archon  
  153  9:09  Archon  
  165  9:12  Zealot x5  
  167  9:35  High Templar x2  
  167  9:36  Zealot x6  
  167  9:37  Zealot x2  
  165  9:40  Archon  
  167  9:48  Assimilator  
  167  9:49  Assimilator  
  167  10:04  Zealot x8  
Tags
 
Composition
Lurkers
Matchup
PvZ
Player
Probe
Replay Pack
me
Add a new tag
Caveats
  • Supply blocks, unpowered buildings, or Contaminate may cause inaccurate times.
  • Supply counts are checked every 10 seconds.